 Dungeon Sprint DCSS version 0.19-a0-1922-g1e9a4c1 (webtiles) character file.

30 LORDOFBUTT the Shield-Bearer (level 4, 0/44 HPs)
             Began as a Minotaur Fighter on Oct 24, 2016.
             Was an Initiate of Gozag.
             Slain by Menkaure (1 damage)
             ... in the Dungeon (Sprint VI: "Thunderdome").
             The game lasted 00:02:21 (401 turns).

LORDOFBUTT the Shield-Bearer (Minotaur Fighter)      Turns: 401, Time: 00:02:21

Health: 0/44       AC: 13    Str: 18    XL:     4   Next: 18%
Magic:  0/0        EV:  7    Int:  5    God:    Gozag
Gold:   54         SH: 10    Dex: 15    Spells: 0 memorised, 3 levels left

rFire  + + .     SeeInvis +     a - +0 war axe
rCold  x . .     Gourm    .     b - +0 scale mail
rNeg   . . .     Faith    .     c - +0 shield
rPois  .         Spirit   .     (helmet restricted)
rElec  .         Reflect  .     r - +1 cloak of the Guild-Master {+Inv rCorr MP-9}
rCorr  +         Harm     .     s - +2 pair of gloves of the Blind Marksman {*Slow rF+ rCorr SInv}
MR     ++...     NoTele   +     (no boots)
Stlth  ..........               (no amulet)
                                q - ring "Ezeegauw" {MR+ MP-9 Str-2 Dex+4} (curse)
                                p - ring "Mauhunna" {rF+ rC- MR+ Slay+3}

@: no status effects
A: retaliatory headbutt, horns 2
a: Potion Petition, Call Merchant, Bribe Branch, Renounce Religion, Evoke
Invisibility


You were in the Dungeon.
You worshipped Gozag.
Gozag was noncommittal.
You were not hungry.

You visited 1 branch You collected 808 gold pieces.
You spent 754 gold pieces at shops.

Inventory:

Hand Weapons
 a - a +0 war axe (weapon)
Armour
 b - a +0 scale mail (worn)
 c - a +0 shield (worn)
 r - the +1 cloak of the Guild-Master (worn) {+Inv rCorr MP-9}
   (You bought it in a shop in the Dungeon)

   It affects your magic capacity (-9).
   It lets you turn invisible.
   It protects you from acid and corrosion.
 s - the +2 pair of gloves of the Blind Marksman (worn) {*Slow rF+ rCorr SInv}
   (You bought it in a shop in the Dungeon)

   It protects you from fire.
   It lets you see invisible.
   It protects you from acid and corrosion.
   It may slow you when you take damage.
Jewellery
 p - the ring "Mauhunna" (left hand) {rF+ rC- MR+ Slay+3}
   (You bought it in a shop in the Dungeon)

   [ring of protection from magic]

   It affects your accuracy and damage with ranged weapons and melee attacks
   (+3).
   It protects you from fire.
   It makes you vulnerable to cold.
   It affects your resistance to hostile enchantments.
 q - the cursed ring "Ezeegauw" (right hand) {MR+ MP-9 Str-2 Dex+4}
   (You bought it in a shop in the Dungeon)

   [ring of strength]

   It affects your strength (-2).
   It affects your dexterity (+4).
   It affects your resistance to hostile enchantments.
   It affects your magic capacity (-9).
   It has a curse placed upon it.
Wands
 m - a wand of acid (5/15)
 n - a wand of iceblast (5/15)
Scrolls
 k - 4 scrolls of blinking
 o - 3 scrolls of fog
Potions
 d - a potion of might
 e - a potion of curing
 g - 3 potions of heal wounds
 h - 4 potions of haste
 i - 2 potions of magic
 j - a potion of berserk rage
 l - 2 potions of resistance
Comestibles
 f - a bread ration


   Skills:
 + Level 6.1 Fighting
 * Level 5.2 Axes
 + Level 6.1 Armour
 + Level 6.3 Shields


You had 3 spell levels left.
You didn't know any spells.

Dungeon Overview and Level Annotations

Branches:
Dungeon (1/1)

Altars:
Cheibriados
Dithmenos
Fedhas
Gozag
Kikubaaqudgha
Makhleb
Okawaru
Qazlal
Ru
Sif Muna
Trog
Uskayaw
Vehumet
Xom
Yredelemnul
Zin
The Shining One
Beogh
Jiyva
Lugonu

Shops:
D *[%??*?*:[((!!!!

Annotations:
D Menkaure


Innate Abilities, Weirdness & Mutations

You reflexively headbutt those who attack you in melee.
You have a pair of horns on your head.


Message History

Menkaure shouts!
Menkaure calls on the powers of darkness!
Your body is wracked with pain!
Menkaure calls on the powers of darkness!
Your body is wracked with pain!
* * * LOW HITPOINT WARNING * * *
You are too injured to fight recklessly!
You are too injured to fight recklessly!
You are too injured to fight recklessly!
Okay, then.
You feel much better.
Menkaure calls on the powers of darkness!
Your body is wracked with pain!
You barely miss Menkaure. Menkaure hits you!
* * * LOW HITPOINT WARNING * * *
You hit Menkaure.
Menkaure is lightly damaged.
Menkaure hits you.
You die...
Your body crumbles into a pile of gold.

#⌠...........⌠#
######.8.........8.######
##∩___......###......___∩##
###∩...)....8.# #.8........∩##
##.............###.............
#⌠..........###...###..........
#⌠.....[....# #.<.# #..........
#⌠..........###M..###..........
##............@###.............
###∩........8.# #.8....)...∩##
##∩__.......###........_∩##
######.8.........8.######
#⌠...........⌠# ###.........###
#_......._# #_......._#
#_......._#


You could see Menkaure.

Vanquished Creatures
  A jelly (D)
  Jessica (D)
  A mummy (D)
  A worm (D)
  An orc (D)
  4 giant cockroaches (D)
  2 hobgoblins (D)
11 creatures vanquished.

Notes
Turn   | Place    | Note
-------+----------+-------------------------------------------
     0 | D        | LORDOFBUTT the Minotaur Fighter began the quest for the Orb.
     0 | D        | Reached XP level 1. HP: 19/19 MP: 0/0
     0 | D        | Found a corrupted altar of Lugonu.
     1 | D        | Found a sacrificial altar of Ru.
     1 | D        | Found a basalt altar of Yredelemnul.
     2 | D        | Found a burning altar of Makhleb.
     2 | D        | Found a blossoming altar of Fedhas.
     3 | D        | Found a glowing golden altar of the Shining One.
     3 | D        | Found a radiant altar of Vehumet.
     3 | D        | Found Kauzixiz's Premium Goods.
     3 | D        | Found Hoach's Weapon Rack.
     4 | D        | Found Byafarch's Miscellaneous Merchandise.
     4 | D        | Found Urugeukh's Basic Armour.
     5 | D        | Round 1.
     9 | D        | Found a snail-covered altar of Cheibriados.
    10 | D        | Found Sasigub's Do-It-Yourself Clinic.
    11 | D        | Found Pop Baip's Bottled Wisdom.
    11 | D        | Found Seraphal's Distillery.
    11 | D        | Found a viscous altar of Jiyva.
    11 | D        | Found a roughly hewn altar of Beogh.
    11 | D        | Found an ancient bone altar of Kikubaaqudgha.
    11 | D        | Found Yruurett's Distillery.
    15 | D        | Found a deep blue altar of Sif Muna.
    19 | D        | Found an iron altar of Okawaru.
    21 | D        | Found Rutiycwe's Staff Store.
    22 | D        | Found Huom's Must-Have Magic.
    22 | D        | Found Siogim's Magic Scroll Shop.
    23 | D        | Found a shimmering altar of Xom.
    23 | D        | Found a bloodstained altar of Trog.
    23 | D        | Found a glowing silver altar of Zin.
    23 | D        | Found Zesirpho's Magic Scroll Shop.
    28 | D        | Found a stormy altar of Qazlal.
    28 | D        | Noticed Jessica
    29 | D        | Found an opulent altar of Gozag.
    30 | D        | Found a shadowy altar of Dithmenos.
    31 | D        | Found Mutrier's Bee Food.
    32 | D        | Found Zudokkump's Jewellery.
    32 | D        | Found Zeugh's Advanced Armour.
    33 | D        | Found a hide-covered altar of Uskayaw.
    33 | D        | Found Eseittik's Identification Station.
    38 | D        | Became a worshipper of Gozag Ym Sagoz the Greedy
    49 | D        | Killed Jessica
    49 | D        | Reached skill level 5 in Fighting
    49 | D        | Reached skill level 5 in Armour
    49 | D        | Reached skill level 5 in Shields
    49 | D        | Reached XP level 2. HP: 23/29 MP: 1/1
    87 | D        | Reached XP level 3. HP: 32/36 MP: 2/2
   172 | D        | Arena points: 6 (+6) [x1]
   187 | D        | Round 2.
   238 | D        | Arena points: 30 (+24) [x2]
   238 | D        | Reached XP level 4. HP: 43/44 MP: 3/3
   259 | D        | Bought a slimy iron ring for 45 gold pieces
   259 | D        | Identified the ring "Mauhunna" {rF+ rC- MR+ Slay+3} (You bought it in a shop in the Dungeon)
   260 | D        | Bought a bound lapis lazuli ring for 45 gold pieces
   260 | D        | Identified the cursed ring "Ezeegauw" {MR+ MP-9 Str-2 Dex+4} (You bought it in a shop in the Dungeon)
   279 | D        | Bought a polished cloak for 332 gold pieces
   279 | D        | Bought a pair of steaming gloves for 332 gold pieces
   284 | D        | Identified the +1 cloak of the Guild-Master {+Inv rCorr MP-9} (You bought it in a shop in the Dungeon)
   289 | D        | Identified the +2 pair of gloves of the Blind Marksman {*Slow rF+ rCorr SInv} (You bought it in a shop in the Dungeon)
   307 | D        | Round 3.
   320 | D        | Reached skill level 5 in Axes
   394 | D        | Noticed Menkaure
   400 | D        | HP: 1/44 [Menkaure (15)]
   401 | D        | Slain by Menkaure

Vault maps used:
D:        arena_sprint

Skill      XL: |  1  2  3  4 |
---------------+-------------+-----
Fighting       | 5 6 |  6.1
Armour         | 5 6 |  6.1
Axes           | 3 4 5 |  5.2
Shields        | 5 6 |  6.3

Action                   |  1- 3 |  4- 6 || total
-------------------------+-------+-------++-------
Melee: War axe           |    25 |     6 ||    31
       Headbutt          |     6 |       ||     6
  Use: Potion            |       |     1 ||     1
Armor: Scale mail        |     3 |       ||     3
Dodge: Dodged            |     4 |       ||     4
Block: Shield            |    16 |       ||    16
